| TOP OF THE 1ST |
|
New York Yankees batting - Pitching for Toronto Blue Jays : RHP Timo Lantinga
|
|
Pitching: RHP Timo Lantinga
|
|
|
Batting: RHB Jose Tovar
|
0-0: Ball 1-0: Fly out, F8 (Flyball, 8LXD, EV 92.5 MPH)
|
|
Batting: LHB Joel Vera
|
0-0: Called Strike 0-1: Ball 1-1: Swinging Strike 1-2: Ball 2-2: Strikes out swinging
|
|
Batting: SHB Ryan Buchbinder
|
0-0: Called Strike 0-1: Ball 1-1: Ball 2-1: Ball 3-1: SINGLE (Groundball, 4M, EV 103.8 MPH) (infield hit)
|
|
Batting: SHB Mukhtar Wa'il
|
0-0: Hit by Pitch Ryan Buchbinder to second
|
|
Batting: SHB Victor Ruiz
|
0-0: Called Strike 0-1: Ball 1-1: Swinging Strike 1-2: Ball 2-2: Strikes out swinging
|
| Top of the 1st over - 0 runs, 1 hit, 0 errors, 2 left on base; New York 0 - Toronto 0 |
| BOTTOM OF THE 1ST |
|
Toronto Blue Jays batting - Pitching for New York Yankees : LHP Omar Quinones
|
|
Pitching: LHP Omar Quinones
|
|
|
Batting: RHB Danny Burnside
|
0-0: Foul Ball, location: 2F 0-1: Foul Ball, location: 2F 0-2: Ball 1-2: Ball 2-2: Foul Ball, location: 2F 2-2: Ball 3-2: Foul Ball, location: 2F 3-2: Strikes out swinging
|
|
Batting: SHB Mark Rennie
|
0-0: Ball 1-0: Ball 2-0: Fly out, F8 (Line Drive, 8LD, EV 98.1 MPH)
|
|
Batting: SHB Matt Altieri
|
0-0: Ball 1-0: Foul Ball, location: 2F 1-1: Ball 2-1: Called Strike 2-2: Ball 3-2: Ground out U3 (Groundball, 3L, EV 97.5 MPH)
|
| Bottom of the 1st over - 0 runs, 0 hits, 0 errors, 0 left on base; New York 0 - Toronto 0 |
| TOP OF THE 2ND |
|
New York Yankees batting - Pitching for Toronto Blue Jays : RHP Timo Lantinga
|
|
Batting: SHB Houston Phillips
|
0-0: Ball 1-0: Fly out, F9 (Flyball, 9LM, EV 105.6 MPH)
|
|
Batting: RHB Devon Utley
|
0-0: Ground out 6-3 (Groundball, 6, EV 108.1 MPH)
|
|
Batting: LHB Dan Morris
|
0-0: Ball 1-0: Ball 2-0: Ball 3-0: Called Strike 3-1: Foul Ball, location: 2F 3-2: Strikes out looking
|
| Top of the 2nd over - 0 runs, 0 hits, 0 errors, 0 left on base; New York 0 - Toronto 0 |
| BOTTOM OF THE 2ND |
|
Toronto Blue Jays batting - Pitching for New York Yankees : LHP Omar Quinones
|
|
Batting: LHB Willis Robles
|
0-0: Ball 1-0: Swinging Strike 1-1: Foul Ball, location: 2F 1-2: Strikes out swinging
|
|
Batting: LHB Nate Dean
|
0-0: Ground out U3 (Groundball, 3, EV 109.4 MPH)
|
|
Batting: LHB Jon Schick
|
0-0: Foul Ball, location: 2F 0-1: Called Strike 0-2: Ground out 4-3 (Groundball, 4, EV 79.4 MPH)
|
| Bottom of the 2nd over - 0 runs, 0 hits, 0 errors, 0 left on base; New York 0 - Toronto 0 |
| TOP OF THE 3RD |
|
New York Yankees batting - Pitching for Toronto Blue Jays : RHP Timo Lantinga
|
|
Batting: RHB Larry Martell
|
0-0: Called Strike 0-1: Called Strike 0-2: Foul Ball, location: 2F 0-2: Foul Ball, location: 2F 0-2: Foul Ball, location: 2F 0-2: Foul Ball, location: 2F 0-2: Foul Ball, location: 2F 0-2: Foul Ball, location: 2F 0-2: Fly out, F7 (Flyball, 7, EV 91.9 MPH)
|
|
Batting: RHB Jose Tovar
|
0-0: Called Strike 0-1: Ball 1-1: Called Strike 1-2: Fly out, F9 (Line Drive, 89D, EV 95.6 MPH)
|
|
Batting: LHB Joel Vera
|
0-0: Ground out 4-3 (Groundball, 34D, EV 83.1 MPH)
|
| Top of the 3rd over - 0 runs, 0 hits, 0 errors, 0 left on base; New York 0 - Toronto 0 |
| BOTTOM OF THE 3RD |
|
Toronto Blue Jays batting - Pitching for New York Yankees : LHP Omar Quinones
|
|
Batting: LHB Michael Byrd
|
0-0: Called Strike 0-1: Foul Ball, location: 2F 0-2: Ball 1-2: Strikes out swinging
|
|
Batting: SHB Dominik Hasek II
|
0-0: Ball 1-0: Ball 2-0: Ball 3-0: Called Strike 3-1: Called Strike 3-2: Base on Balls
|
|
Batting: RHB John Loving
|
0-0: Ball 1-0: DOUBLE (Flyball, 78XD, EV 105.6 MPH) Dominik Hasek II to third
|
|
Batting: RHB Danny Burnside
|
0-0: Called Strike 0-1: Called Strike 0-2: Fly out, F9 (Line Drive, 34D, EV 76.9 MPH) Runner from 3rd tags up, OUT at HOME! 9-2
|
| Bottom of the 3rd over - 0 runs, 1 hit, 0 errors, 1 left on base; New York 0 - Toronto 0 |
| TOP OF THE 4TH |
|
New York Yankees batting - Pitching for Toronto Blue Jays : RHP Timo Lantinga
|
|
Batting: SHB Ryan Buchbinder
|
0-0: Ball 1-0: Foul Ball, location: 2F 1-1: Called Strike 1-2: Ground out U3 (Groundball, 34, EV 76.2 MPH)
|
|
Batting: SHB Mukhtar Wa'il
|
0-0: Called Strike 0-1: SINGLE (Groundball, 34D, EV 97.5 MPH)
|
|
Batting: SHB Victor Ruiz
|
0-0: Called Strike 0-1: Fly out, F9 (Flyball, 89S, EV 84.4 MPH)
|
|
Batting: SHB Houston Phillips
|
0-0: Ground out 4-3 (Groundball, 4, EV 88.8 MPH)
|
| Top of the 4th over - 0 runs, 1 hit, 0 errors, 1 left on base; New York 0 - Toronto 0 |
| BOTTOM OF THE 4TH |
|
Toronto Blue Jays batting - Pitching for New York Yankees : LHP Omar Quinones
|
|
Batting: SHB Mark Rennie
|
0-0: Ball 1-0: Swinging Strike 1-1: Ball 2-1: Foul Ball, location: 2F 2-2: Strikes out swinging
|
|
Batting: SHB Matt Altieri
|
0-0: Swinging Strike 0-1: Ball 1-1: Swinging Strike 1-2: Fly out, F9 (Line Drive, 9, EV 103.8 MPH)
|
|
Batting: LHB Willis Robles
|
0-0: Ball 1-0: Called Strike 1-1: Ball 2-1: Called Strike 2-2: Strikes out swinging
|
| Bottom of the 4th over - 0 runs, 0 hits, 0 errors, 0 left on base; New York 0 - Toronto 0 |
| TOP OF THE 5TH |
|
New York Yankees batting - Pitching for Toronto Blue Jays : RHP Timo Lantinga
|
|
Batting: RHB Devon Utley
|
0-0: Foul Ball, location: 2F 0-1: Foul Ball, location: 2F 0-2: Foul Ball, location: 2F 0-2: Foul Ball, location: 2F 0-2: Ball 1-2: Foul Ball, location: 2F 1-2: Ball 2-2: Ground out 5-3 (Groundball, 56, EV 106.2 MPH)
|
|
Batting: LHB Dan Morris
|
0-0: Called Strike 0-1: Ball 1-1: Called Strike 1-2: Ball 2-2: Fly out, F8 (Flyball, 8LD, EV 94.4 MPH)
|
|
Batting: RHB Larry Martell
|
0-0: Called Strike 0-1: SINGLE (Groundball, 6MD, EV 85.0 MPH) (infield hit)
|
|
Pinch Hitting: LHB Jordan de Jesus
|
0-0: Ball 1-0: Swinging Strike 1-1: Ball 2-1: Fielders Choice at 2nd, 6-4 (Groundball, 6, EV 99.4 MPH)
|
| Top of the 5th over - 0 runs, 1 hit, 0 errors, 1 left on base; New York 0 - Toronto 0 |
| BOTTOM OF THE 5TH |
|
Toronto Blue Jays batting - Pitching for New York Yankees : LHP Omar Quinones
|
|
Pitching: RHP Andres Galindo
|
|
|
Now at SS: Jason Peck
|
|
|
Now in LF: Victor Ruiz
|
|
|
Now in CF: Russ Shambaugh
|
|
|
Now in RF: Larry Martell
|
|
|
Batting: LHB Nate Dean
|
0-0: Ball 1-0: Swinging Strike 1-1: Ball 2-1: Called Strike 2-2: Ball 3-2: Strikes out swinging
|
|
Batting: LHB Jon Schick
|
0-0: Ball 1-0: Swinging Strike 1-1: Ball 2-1: Ball 3-1: Base on Balls
|
|
Batting: LHB Michael Byrd
|
0-0: Ball 1-0: Called Strike 1-1: Called Strike 1-2: Grounds out, U3 (Groundball, 3L, EV 99.4 MPH)
|
|
Batting: SHB Dominik Hasek II
|
0-0: Ball 1-0: Called Strike 1-1: Fly out, F7 (Flyball, 7, EV 89.4 MPH)
|
| Bottom of the 5th over - 0 runs, 0 hits, 0 errors, 1 left on base; New York 0 - Toronto 0 |
| TOP OF THE 6TH |
|
New York Yankees batting - Pitching for Toronto Blue Jays : RHP Timo Lantinga
|
|
Pitching: RHP Douglas ten Pas
|
|
|
Pinch Hitting: RHB C.J. Richerson
|
0-0: Foul Ball, location: 2F 0-1: Ball 1-1: Swinging Strike 1-2: Ball 2-2: Strikes out swinging
|
|
Pinch Hitting: SHB Bartholomeu Chambino
|
0-0: Called Strike 0-1: Ball 1-1: Ball 2-1: Ball 3-1: Called Strike 3-2: Foul Ball, location: 2F 3-2: SINGLE (Line Drive, 56D, EV 99.4 MPH)
|
|
Pinch Hitting: LHB Jim Skare
|
0-0: Called Strike 0-1: Ball 1-1: Ball 2-1: Swinging Strike 2-2: Ball 3-2: Base on Balls Bartholomeu Chambino to second
|
|
Pinch Hitting: RHB Adriaan Pieters
|
0-0: Fly out, F8 (Flyball, 8LS, EV 91.2 MPH)
|
|
Batting: LHB Jason Peck
|
0-0: Swinging Strike 0-1: Called Strike 0-2: Foul Ball, location: 2F 0-2: Ball 1-2: Ball 2-2: DOUBLE (Line Drive, 3D, EV 106.9 MPH) Bartholomeu Chambino scores Jim Skare to third
|
|
Pitching: LHP Mario Amore
|
|
|
Batting: RHB Devon Utley
|
0-0: Ball 1-0: Called Strike 1-1: Foul Ball, location: 2F 1-2: Ball 2-2: Foul Ball, location: 2F 2-2: SINGLE (Groundball, 25, EV 75.0 MPH) (infield hit) Jim Skare scores Jason Peck to third
|
|
Batting: LHB Dan Morris
|
0-0: Called Strike 0-1: Ball 1-1: Ball 2-1: Foul Ball, location: 2F 2-2: Ball 3-2: Base on Balls Devon Utley to second
|
|
Pinch Hitting: RHB Shiro Suehiro
|
0-0: Called Strike 0-1: Ball 1-1: Fly out, F8 (Flyball, 8LS, EV 86.9 MPH)
|
| Top of the 6th over - 2 runs, 3 hits, 0 errors, 3 left on base; New York 2 - Toronto 0 |
| BOTTOM OF THE 6TH |
|
Toronto Blue Jays batting - Pitching for New York Yankees : RHP Andres Galindo
|
|
Pitching: RHP Mark Stafford
|
|
|
Now at 1B: Jim Skare
|
|
|
Now at 2B: C.J. Richerson
|
|
|
Now at 3B: Bartholomeu Chambino
|
|
|
Now in LF: Shiro Suehiro
|
|
|
Now in RF: Adriaan Pieters
|
|
|
Pinch Hitting: SHB Jack Andrews
|
0-0: Ball 1-0: Ball 2-0: Swinging Strike 2-1: SINGLE (Groundball, 6S, EV 71.2 MPH) (infield hit)
|
|
Pinch Hitting: RHB Alex Ramos
|
0-0: Called Strike 0-1: Ball Jack Andrews steals 2nd base (no throw) 1-1: Foul Ball, location: 2F 1-2: Ball 2-2: Foul Ball, location: 2F 2-2: Ball 3-2: SINGLE (Flyball, 8RS, EV 97.5 MPH) Jack Andrews to third
|
|
Batting: SHB Dylan Novakowski
|
0-0: Ball 1-0: Grounds out, U3 (Groundball, 3L, EV 105.6 MPH) Jack Andrews scores
|
|
Batting: SHB Matt Altieri
|
0-0: Ground out 5-3 (Groundball, 56, EV 82.5 MPH)
|
|
Pinch Hitting: RHB Donny Burnside
|
0-0: Called Strike 0-1: Foul Ball, location: 2F 0-2: 2-RUN HOME RUN (Line Drive, 7D, EV 108.8 MPH), Distance : 425 ft
|
|
Pitching: LHP Joel Pacheco
|
|
|
Pinch Hitting: RHB Kai Stoyle
|
0-0: Ball 1-0: Ball 2-0: SINGLE (Groundball, 6MD, EV 98.8 MPH)
|
|
Pinch Hitting: RHB Justin Powell
|
0-0: Ball 1-0: SINGLE (Line Drive, 4M, EV 98.1 MPH) Kai Stoyle to second
|
|
Pinch Hitting: RHB Kirk Arp
|
0-0: Ball 1-0: Called Strike 1-1: Foul Ball, location: 2F 1-2: Strikes out swinging
|
| Bottom of the 6th over - 3 runs, 5 hits, 0 errors, 2 left on base; New York 2 - Toronto 3 |
| TOP OF THE 7TH |
|
New York Yankees batting - Pitching for Toronto Blue Jays : LHP Mario Amore
|
|
Pitching: RHP Mel Schultz
|
|
|
Now at 1B: Alex Ramos
|
|
|
Now at 2B: Kirk Arp
|
|
|
Now at 3B: Jack Andrews
|
|
|
Now at SS: Kai Stoyle
|
|
|
Now in LF: Donny Burnside
|
|
|
Now in RF: Justin Powell
|
|
|
Batting: RHB Russ Shambaugh
|
0-0: Ball 1-0: Foul Ball, location: 2F 1-1: SINGLE (Groundball, 4D, EV 104.4 MPH)
|
|
Pitching: RHP Hoof Harted
|
|
|
Batting: RHB C.J. Richerson
|
0-0: Ball 1-0: Ball 2-0: Called Strike 2-1: Swinging Strike 2-2: Strikes out looking
|
|
Batting: SHB Bartholomeu Chambino
|
0-0: Foul Ball, location: 2F 0-1: Foul Ball, location: 2F 0-2: Ball 1-2: Fly out, F5 (Popup, 5SF, EV 66.9 MPH)
|
|
Batting: LHB Jim Skare
|
0-0: Fly out, F7 (Line Drive, 7, EV 94.4 MPH)
|
| Top of the 7th over - 0 runs, 1 hit, 0 errors, 1 left on base; New York 2 - Toronto 3 |
| BOTTOM OF THE 7TH |
|
Toronto Blue Jays batting - Pitching for New York Yankees : LHP Joel Pacheco
|
|
Pitching: RHP Chad Curry
|
|
|
Pinch Hitting: SHB Gregg Whitecotton
|
0-0: Ball 1-0: Ball 2-0: Ball 3-0: Called Strike 3-1: Foul Ball, location: 2F 3-2: Ground out 6-3 (Groundball, 4M, EV 75.6 MPH)
|
|
Batting: SHB Jack Andrews
|
0-0: Ball 1-0: Swinging Strike 1-1: Ball 2-1: Swinging Strike 2-2: Ball 3-2: Foul Ball, location: 2F 3-2: Fly out, F7 (Line Drive, 7S, EV 103.1 MPH)
|
|
Batting: RHB Alex Ramos
|
0-0: Ball 1-0: Called Strike 1-1: Hit by Pitch
|
|
Batting: SHB Dylan Novakowski
|
0-0: Called Strike Alex Ramos is caught stealing 2nd base 2-6
|
| Bottom of the 7th over - 0 runs, 0 hits, 0 errors, 0 left on base; New York 2 - Toronto 3 |
| TOP OF THE 8TH |
|
New York Yankees batting - Pitching for Toronto Blue Jays : RHP Hoof Harted
|
|
Pitching: RHP Chase Schlong
|
|
|
Now in LF: Justin Powell
|
|
|
Now in CF: Donny Burnside
|
|
|
Now in RF: Gregg Whitecotton
|
|
|
Batting: RHB Adriaan Pieters
|
0-0: Ball 1-0: Fly out, F9 (Flyball, 9D, EV 86.2 MPH)
|
|
Pitching: LHP Tim Franco
|
|
|
Batting: LHB Jason Peck
|
0-0: Ball 1-0: Foul Ball, location: 2F 1-1: Ground out 6-3 (Groundball, 6, EV 105.6 MPH)
|
|
Batting: RHB Devon Utley
|
0-0: Foul Ball, location: 2F 0-1: Fly out, F4 (Line Drive, 4, EV 71.2 MPH)
|
| Top of the 8th over - 0 runs, 0 hits, 0 errors, 0 left on base; New York 2 - Toronto 3 |
| BOTTOM OF THE 8TH |
|
Toronto Blue Jays batting - Pitching for New York Yankees : RHP Chad Curry
|
|
Pitching: RHP Isaias Chavez
|
|
|
Batting: SHB Dylan Novakowski
|
0-0: Ball 1-0: Swinging Strike 1-1: Foul Ball, location: 2F 1-2: Ball 2-2: Ball 3-2: Reached on error, E7 (Flyball, 7D, EV 88.1 MPH)
|
|
Batting: SHB Matt Altieri
|
0-0: Ball 1-0: Ball 2-0: Ball 3-0: Base on Balls Dylan Novakowski to second
|
|
Batting: RHB Donny Burnside
|
0-0: SINGLE (Groundball, 6MD, EV 106.9 MPH) Dylan Novakowski to third Matt Altieri to second
|
|
Batting: RHB Kai Stoyle
|
0-0: Called Strike 0-1: Swinging Strike 0-2: Foul Ball, location: 2F 0-2: Fly out, F7 (Flyball, 7S, EV 91.9 MPH)
|
|
Batting: RHB Justin Powell
|
0-0: Grounds into double play, 4-2-3 (Groundball, 4, EV 82.5 MPH)
|
| Bottom of the 8th over - 0 runs, 1 hit, 1 error, 2 left on base; New York 2 - Toronto 3 |
| TOP OF THE 9TH |
|
New York Yankees batting - Pitching for Toronto Blue Jays : LHP Tim Franco
|
|
Batting: LHB Dan Morris
|
0-0: Ball 1-0: Called Strike 1-1: Called Strike 1-2: Strikes out swinging
|
|
Batting: RHB Shiro Suehiro
|
0-0: Fly out, F4 (Popup, 34, EV 75.6 MPH)
|
|
Batting: RHB Russ Shambaugh
|
0-0: Ball 1-0: Foul Ball, location: 2F 1-1: Ball 2-1: Foul Ball, location: 2F 2-2: Strikes out looking
|
| Top of the 9th over - 0 runs, 0 hits, 0 errors, 0 left on base; New York 2 - Toronto 3 |
|